 Dungeon Crawl Stone Soup version 0.29-a0-322-g68df515428 (console) character file.

Game seed: 2994001981884350344

19 Ignak the Sneak (level 2, -2/17 HPs)
             Began as an Octopode Enchanter on Apr 8, 2022.
             Slain by a hobgoblin (3 damage)
             ... on level 1 of the Dungeon.
             The game lasted 00:01:07 (613 turns).

Ignak the Sneak (Octopode Enchanter)                 Turns: 613, Time: 00:01:08

Health: -2/17      AC:  1    Str:  7    XL:     2   Next: 75%
Magic:  5/5        EV: 13    Int: 17    God:
Gold:   24         SH:  0    Dex: 12    Spells: 5/5 levels left

rFire   . . .      SeeInvis .   a - +1 dagger
rCold   . . .      Faith    .   (no shield)
rNeg    . . .      Spirit   .   (helmet restricted)
rPois   .          Reflect  .   (no amulet)
rElec   .          Harm     .   f - ring of wizardry
rCorr   .          Rampage  .   (no ring)
Will    .....                   (no ring)
Stlth   ++++......              (no ring)
HPRegen 0.05/turn               (no ring)
MPRegen 0.09/turn               (no ring)
                                (no ring)
                                (no ring)

@: invisible
A: almost no armour, amphibious, 8 rings, camouflage 1, gelatinous body 1,
(nimble swimmer 1), tentacles
a: no special abilities


You were on level 1 of the Dungeon.
You visited 1 branch of the dungeon, and saw 1 of its levels.

You collected 24 gold pieces.

Inventory:

Hand Weapons
 a - a +1 dagger (weapon)
Jewellery
 f - a ring of wizardry (left tentacle)
Scrolls
 c - a scroll of identify {unknown}
 h - a scroll of blinking {unknown}
Potions
 b - a potion of invisibility
 d - a potion of mutation {unknown}
 e - a potion of degeneration {unknown}
 g - a potion of berserk rage {unknown}


   Skills:
 + Level 0.1 Fighting
 + Level 1.2 Short Blades
 * Level 2.2 Dodging
 * Level 4.4 Stealth
 + Level 0.2 Unarmed Combat
 + Level 2.1 Spellcasting
 + Level 3.1 Hexes


You had 5 spell levels left.
You didn't know any spells.
Your spell library contained the following spells:

 Spells                   Type           Power      Damage    Failure   Level
 Ensorcelled Hibernation  Hex/Ice        14%        N/A       6%          2
 Confusing Touch          Hex            12%        N/A       6%          3
 Tukima's Dance           Hex            12%        N/A       6%          3
 Dazzling Flash           Conj/Hex       14%        N/A       12%         3


Dungeon Overview and Level Annotations

Branches:
Dungeon (1/15)

Altars:


Innate Abilities, Weirdness & Mutations

You cannot wear most types of armour.
You are amphibious.
You can wear up to eight rings at the same time.
Your skin changes colour to match your surroundings (Stealth+).
Your rubbery body absorbs attacks. (AC +1, EV +1)
((You are camouflaged when in or above water. (Stealth+)))
You have tentacles for arms and can constrict up to eight enemies at once.


Message History

You barely miss the bat.
The bat is moderately wounded.
You constrict the bat.
You kill the bat!
The bat hits you.
You hit the rat. Your grab misses the rat. You squeeze the rat.
You kill the rat!
The bat barely misses you.
You hit the bat. You grab the bat. You squeeze the bat.
The bat is severely wounded.
You constrict the bat.
You kill the bat!
You barely miss the quokka. You grab the quokka.
You constrict the quokka, but do no damage.
The quokka barely misses you.
You barely miss the quokka. You constrict the quokka. The quokka bites you.
You hit the quokka.
The quokka is almost dead.
You constrict the quokka.
You kill the quokka!
You closely miss the hobgoblin. Your grab misses the hobgoblin.
Your squeeze misses the hobgoblin. The hobgoblin hits you.
You barely miss the hobgoblin. Your grab misses the hobgoblin.
Your squeeze misses the hobgoblin. The hobgoblin hits you.
You hit the hobgoblin but do no damage. You grab the hobgoblin.
You constrict the hobgoblin, but do no damage.
The hobgoblin completely misses you.
You hit the hobgoblin.
The hobgoblin is heavily wounded.
You constrict the hobgoblin, but do no damage.
The hobgoblin hits you.
* * * LOW HITPOINT WARNING * * *
You hit the hobgoblin.
You kill the hobgoblin!
You fade into invisibility!
The hobgoblin hits you.
* * * LOW HITPOINT WARNING * * *
You closely miss the hobgoblin. Your grab misses the hobgoblin.
The hobgoblin hits you.
You die...

#...#######.##.###
+............)....
#........##.#####.
####...###..##.#...#.
......#?#..##.#.#.#. ##..
#.##.###.#.#.#.
#.####...#.#†..###.#.#.#.
#......##.##.......#.....
#....g.#@#†..#########.##
#g##...............
#$.†#.†..####.......##
#$..#.....# #.#######
#(..#...#.# ####.##...#
.# #.... .. .##..# #. #
... ####


You could see a hobgoblin (can't see you).

Vanquished Creatures
  A giant cockroach (D:1)
  3 hobgoblins (D:1)
  3 quokkas (D:1)
  A ball python (D:1)
  4 bats (D:1)
  3 kobolds (D:1)
  2 rats (D:1)
17 creatures vanquished.

Notes
Turn   | Place    | Note
-------+----------+-------------------------------------------
     0 | D:1      | Ignak the Octopode Enchanter began the quest for the Orb.
     0 | D:1      | Reached XP level 1. HP: 11/11 MP: 3/3
   455 | D:1      | Reached XP level 2. HP: 17/17 MP: 5/5
   613 | D:1      | Slain by a hobgoblin

Illustrated notes

Levels and vault maps discovered:
D:1:      enne_arrival_octagon_isle, layout_basic,
          chequers_ecumenical_altar_simple, minmay_vboxes

Action                   || total
-------------------------++-------
Melee: Dagger            ||    33
       Constrict         ||     7
       Tentacles         ||     5
  Use: Potion            ||     1
 Stab: Sleeping          ||     6
Armor: Skin              ||     1
Dodge: Dodged            ||    12

Table legend: (Time is in decaauts)
 A = Elapsed time spent in this place.
 B = Non-inter-level travel time spent in this place.
 C = Inter-level travel time spent in this place.
 D = Time resting spent in this place.
 E = Time spent auto-exploring this place.
 F = Levels seen in this place.
 G = Mean time per level.
                   A        B        C        D        E       F      G
               +--------+--------+--------+--------+--------+-----+--------+
         Total |    610 |    610 |      0 |      0 |    481 |   1 |  610.0 |
       Dungeon |    610 |    610 |      0 |      0 |    481 |   1 |  610.0 |
               +--------+--------+--------+--------+--------+-----+--------+

Top non-repeatable levels by time:
     D:1: 610 daAuts
